 Dungeon Crawl Stone Soup version 0.21.1-1-g345015f (console) character file.

640 erker the Changer (level 7, -4/64 HPs)
             Began as an Octopode Transmuter on May 6, 2018.
             Killed by divine providence
             ... invoked by an orc priest
              (14 damage)
             ... on level 5 of the Dungeon.
             The game lasted 00:28:18 (6850 turns).

erker the Changer (Octopode Transmuter)             Turns: 6850, Time: 00:28:19

Health: -4/64      AC:  1    Str: 14    XL:     7   Next: 51%
Magic:  13/13      EV: 13    Int: 17    God:
Gold:   253        SH:  0    Dex: 13    Spells: 9/15 levels left

rFire    . . .     SeeInvis .     - Unarmed
rCold    . . .     Gourm    .   (no shield)
rNeg     . . .     Faith    +   (helmet restricted)
rPois    .         Spirit   .   x - amulet of faith
rElec    .         Reflect  .   z - ring of protection from magic
rCorr    .         Harm     .   (no ring)
MR       +....                  (no ring)
Stlth    ..........             (no ring)
HPRegen  0.20/turn              (no ring)
MPRegen  0.13/turn              (no ring)
                                (no ring)
                                (no ring)

@: berserking, very quick
A: almost no armour, stealthy swim, amphibious, 8 rings, constrict 8, camouflage
1, gelatinous body 1
a: no special abilities


You were on level 5 of the Dungeon.
You were near starving.

You visited 1 branch of the dungeon, and saw 5 of its levels.

You collected 253 gold pieces.

Inventory:

Hand Weapons
 f - a +2 dagger of venom
 i - a +0 spear
Missiles
 a - 36 arrows
 d - 16 poisoned needles
 t - 8 javelins (quivered)
 y - 13 bolts
 A - 5 tomahawks
Armour
 v - a +0 large shield
Jewellery
 x - an amulet of faith (around mantle)
 z - a ring of protection from magic (left tentacle)
Wands
 w - a wand of digging (15)
Scrolls
 e - 2 scrolls of remove curse {unknown}
 g - a scroll of fog {unknown}
 j - 5 scrolls of teleportation {unknown}
 k - 2 scrolls of immolation {unknown}
 m - 3 scrolls of fear {unknown}
 n - a scroll of enchant armour {unknown}
 r - 2 scrolls of identify
 s - a scroll of enchant weapon {unknown}
 u - a scroll of magic mapping {unknown}
Potions
 h - 3 potions of curing
 l - a potion of invisibility
 o - 2 potions of berserk rage
 p - a potion of mutation {unknown}
 q - 2 potions of degeneration
Books
 b - a book of Changes

   Spells                             Type                      Level
   a - Beastly Appendage              Transmutation                1
   b - Sticks to Snakes               Transmutation                2
   c - Spider Form                    Transmutation/Poison         3
   d - Ice Form                       Ice/Transmutation            4
   e - Blade Hands                    Transmutation                5
Comestibles
 c - 12 rations


   Skills:
 + Level 1.1 Fighting
 + Level 2.1 Dodging
 + Level 0.3 Stealth
 + Level 3.2 Unarmed Combat
 + Level 4.5 Spellcasting
 * Level 6.2 Transmutations
 - Level 2.0 Poison Magic


You had 9 spell levels left.
You knew the following spells:

 Your Spells              Type           Power        Failure   Level  Hunger
a - Beastly Appendage     Tmut           ###...       1%          1    None
s - Spider Form           Tmut/Pois      ###.......   9%          3    ###....
t - Sticks to Snakes      Tmut           ###.....     1%          2    ##.....


Dungeon Overview and Level Annotations

Branches:
Dungeon (5/15)
 Temple: D:4-7

Altars:
Kikubaaqudgha
Makhleb
Zin

Annotations:
D:5 Edmund


Innate Abilities, Weirdness & Mutations

You cannot wear most types of armour.
You are very stealthy in the water. (Stealth+)
You are amphibious.
You can wear up to eight rings at the same time.
You can use your tentacles to constrict eight enemies at once.
Your skin changes colour to match your surroundings (Stealth+).
Your rubbery body absorbs attacks. (AC +1, EV +1)


Message History

A magic dart appears from out of thin air!
The magic dart hits your adder.
Your adder closely misses the shadow imp.
The shadow imp closely misses you.
Your adder barely misses the shadow imp.
Something closely misses your adder.
The orc priest begins to cast a cantrip, but forgets the words!
Your adder withers and dies!
The shadow imp shouts, "Quit, thou pottle-deep saucy malt-worm!"
The shadow imp gestures at you. Pain shoots through your body!
The orc priest mumbles some strange prayers to Beogh against you.
Beogh smites you!
* * * LOW HITPOINT WARNING * * *
A red film seems to cover your vision as you go berserk!
You feel yourself moving faster!
You feel mighty!
You feel a strong urge to attack something.
The orc priest invokes the aid of Beogh against you.
Beogh smites you!
You die...

...............## ...
............o..# ...[
.....###...o.#######....
.....# #................
..######.............#
..'........#...o.....#
..#####....#...5.....#
..# #....#.........# ..#
#.........@....# ..#
######.........# ###
#####'##### #.# #.# #.#
#<# ###


You could see 2 orc priests, a shadow imp and an orc.

Vanquished Creatures
  An ice beast (D:5)
  A centaur (D:5)
  A hound (D:4)
  2 gnoll shamans
  5 orc wizards
  A bullfrog skeleton (D:4)
  4 gnolls
  An adder (D:4)
  2 oozes
  An adder skeleton (D:4)
  4 worms
  2 dart slugs (D:1)
  A leopard gecko (D:3)
  12 orcs
  A bat zombie (D:4)
  7 giant cockroaches
  6 goblins
  10 hobgoblins
  7 quokkas
  5 ball pythons
  4 bats
  4 frilled lizards
  2 kobolds
  4 rats
  2 rat zombies (D:4)
90 creatures vanquished.

Vanquished Creatures (collateral kills)
  A worker ant (D:4)
  5 gnolls
  3 adders
  An orc (D:3)
  A goblin (D:3)
  A quokka (D:4)
  A frilled lizard (D:4)
13 creatures vanquished.

Grand Total: 103 creatures vanquished

Notes
Turn   | Place    | Note
-------+----------+-------------------------------------------
     0 | D:1      | erker the Octopode Transmuter began the quest for the Orb.
     0 | D:1      | Reached XP level 1. HP: 13/13 MP: 3/3
   256 | D:1      | Reached XP level 2. HP: 18/18 MP: 1/5
   260 | D:1      | Learned a level 2 spell: Sticks to Snakes
   810 | D:1      | Reached skill level 3 in Transmutations
   810 | D:1      | Reached XP level 3. HP: 9/23 MP: 3/6
   818 | D:1      | Learned a level 3 spell: Spider Form
  1882 | D:2      | Reached XP level 4. HP: 11/28 MP: 1/8
  2372 | D:2      | Reached skill level 1 in Poison Magic
  2550 | D:3      | Noticed a big kobold
  2994 | D:3      | Reached skill level 4 in Transmutations
  2994 | D:3      | Reached XP level 5. HP: 14/33 MP: 5/9
  3339 | D:3      | Found a burning altar of Makhleb.
  4607 | D:3      | Reached XP level 6. HP: 15/38 MP: 4/11
  5272 | D:4      | Reached skill level 5 in Transmutations
  5542 | D:4      | Found an ancient bone altar of Kikubaaqudgha.
  6303 | D:4      | Reached XP level 7. HP: 43/43 MP: 8/13
  6500 | D:5      | Entered Level 5 of the Dungeon
  6500 | D:5      | Noticed Edmund
  6595 | D:5      | Reached skill level 6 in Transmutations
  6752 | D:5      | Found a glowing silver altar of Zin.
  6850 | D:5      | Killed from afar by an orc priest

Skill      XL: |  1  2  3  4  5  6  7 |
---------------+----------------------+-----
Transmutations | 3 4 5 6 |  6.2
Poison Magic   | 1 2 |  2.0
Spellcasting   | 3 4 |  4.5
Fighting       | |  1.1
Dodging        | |  2.1
Stealth        | |  0.3
Unarmed Combat | |  3.2

Action                   |  1- 3 |  4- 6 |  7- 9 || total
-------------------------+-------+-------+-------++-------
Melee: Unarmed           |   103 |   153 |    32 ||   288
       Constrict         |    27 |    31 |     2 ||    60
       Kick              |    16 |     6 |     2 ||    24
       Tentacles         |     9 |    18 |     4 ||    31
       Punch             |       |     2 |       ||     2
       Dagger            |       |    15 |       ||    15
Throw: Javelin           |       |     2 |       ||     2
 Cast: Beastly Appendage |    19 |    10 |     1 ||    30
       Sticks to Snakes  |     3 |    21 |     6 ||    30
       Spider Form       |     1 |    11 |     2 ||    14
  Use: Scroll            |       |     4 |       ||     4
       Potion            |       |       |     1 ||     1
 Stab: Sleeping          |     2 |     2 |       ||     4
       Distracted        |       |     2 |     1 ||     3
  Eat: Chunk             |     3 |    16 |     1 ||    20
Armor: Skin              |    10 |    14 |     1 ||    25
Dodge: Dodged            |    65 |   123 |    27 ||   215
